 Dungeon Crawl Stone Soup version 0.23.2-33-g5129a83184 (webtiles) character file.

Game seed: 10907008729210952135

167 troglodite the Charmwright (level 5, -1/43 HPs)
             Began as a Gnoll Skald on July 4, 2019.
             Slain by Edmund
             ... wielding a +0 flail of holy wrath
              (8 damage)
             ... on level 4 of the Dungeon.
             The game lasted 00:06:15 (2605 turns).

troglodite the Charmwright (Gnoll Skald)            Turns: 2605, Time: 00:06:16

Health: -1/43      AC:  5    Str: 13    XL:     5   Next: 48%
Magic:  6/12       EV: 14    Int: 17    God:
Gold:   104        SH:  0    Dex: 14    Spells: 5/14 levels left

rFire    + . .     SeeInvis .   a - +0 spear
rCold    x . .     Gourm    .   (no shield)
rNeg     . . .     Faith    .   b - +0 leather armour
rPois    .         Spirit   .   m - +1 helmet
rElec    .         Reflect  .   (no cloak)
rCorr    .         Harm     .   (no gloves)
MR       .....                  (no boots)
Stlth    +++.......             (no amulet)
HPRegen  1.14/turn              i - ring of fire
MPRegen  0.13/turn              t - ring of stealth

@: regenerating (expiring)
A: distributed training, fangs 1, strong nose
a: no special abilities


You were on level 4 of the Dungeon.
You were hungry.

You visited 1 branch of the dungeon, and saw 4 of its levels.

You collected 104 gold pieces.

Inventory:

Hand Weapons
 a - a +0 spear (weapon)
Missiles
 u - 45 arrows
Armour
 b - a +0 leather armour (worn)
 m - a +1 helmet (worn)
Jewellery
 i - a ring of fire (left hand)
 t - a ring of stealth (right hand)
Wands
 q - a wand of disintegration (6)
 v - a wand of polymorph (8)
Scrolls
 c - a scroll of enchant weapon {unknown}
 f - a scroll of remove curse {unknown}
 h - 4 scrolls of identify {unknown}
 k - a scroll of blinking {unknown}
 n - 2 scrolls of amnesia {unknown}
 o - a scroll of fog {unknown}
 s - a scroll of enchant armour {unknown}
Potions
 e - 2 potions of berserk rage {unknown}
 g - a potion of agility {unknown}
 j - a potion of mutation {unknown}
 l - 3 potions of curing {unknown}
 p - a potion of brilliance {unknown}
 r - a potion of might {unknown}
Comestibles
 d - 7 rations


   Skills:
 + Level 4.8 Fighting
 + Level 1.4 Short Blades
 + Level 1.4 Long Blades
 + Level 1.4 Axes
 + Level 1.4 Maces & Flails
 + Level 4.8 Polearms
 + Level 1.4 Staves
 + Level 1.4 Slings
 + Level 1.4 Bows
 + Level 1.4 Crossbows
 + Level 1.4 Throwing
 + Level 3.0 Armour
 + Level 4.8 Dodging
 + Level 1.4 Stealth
 + Level 1.4 Shields
 + Level 1.4 Unarmed Combat
 + Level 5.2 Spellcasting
 + Level 1.1 Conjurations
 + Level 1.1 Hexes
 + Level 5.5 Charms
 + Level 1.1 Summonings
 + Level 1.1 Necromancy
 + Level 1.1 Translocations
 + Level 1.1 Transmutations
 + Level 1.1 Fire Magic
 + Level 1.1 Ice Magic
 + Level 1.1 Air Magic
 + Level 1.1 Earth Magic
 + Level 1.1 Poison Magic
 + Level 1.6 Invocations
 + Level 1.4 Evocations


You had 5 spell levels left.
You knew the following spells:

 Your Spells              Type           Power        Failure   Level  Hunger
a - Infusion              Chrm           ###.         1%          1    None
b - Spectral Weapon       Hex/Chrm       ###.....     13%         3    ###....
c - Regeneration          Chrm/Necr      ###.......   13%         3    ###....
d - Sticks to Snakes      Tmut           #.......     17%         2    #......

Your spell library contained the following spells:

 Spells                   Type           Power        Failure   Level  Hunger
 Song of Slaying          Chrm           ###.....     2%          2    #......
 Shroud of Golubria       Chrm/Tloc      ###.......   7%          2    #......
 Beastly Appendage        Tmut           #.....       11%         1    None
 Spider Form              Tmut/Pois      #.........   32%         3    ###....
 Ice Form                 Ice/Tmut       #.......     73%         4    ####...
 Blade Hands              Tmut           #.........   97%         5    ######.


Dungeon Overview and Level Annotations

Branches:
Dungeon (4/15)
 Temple: D:4-7

Altars:
Gozag
Nemelex Xobeh

Annotations:
D:4 Edmund


Innate Abilities, Weirdness & Mutations

Your experience applies equally to all skills.
You have very sharp teeth.
Your uncanny sense of smell can sniff out nearby items.


Message History

Casting: Spectral Weapon (safe; 13% risk of failure)
Confirm with . or Enter, or press ? or * to list all spells.
You draw out your weapon's spirit!
Edmund hits you but does no damage.
Casting: Spectral Weapon (safe; 13% risk of failure)
Confirm with . or Enter, or press ? or * to list all spells.
Your skin crawls.
Edmund hits you with a +0 flail of holy wrath!
* * * LOW HITPOINT WARNING * * *
You hit Edmund but do no damage. Your punch misses Edmund.
Edmund is severely wounded.
Your spectral weapon hits Edmund.
You hit Edmund but do no damage.
Edmund is severely wounded.
Your skin is crawling a little less now.
Your spectral weapon hits Edmund.
Edmund barely misses you.
You hit Edmund but do no damage.
Edmund is almost dead.
Your spectral weapon hits Edmund but does no damage.
Edmund hits you with a +0 flail of holy wrath!
You die...

......#.......#............
......#.......#....).......
......#.......#............
......#.......#............
......#.......#............
......#.......'............
......#.......#............
.##.###.......#####'###...
.##'######.....#@(..#
.........#.....#.@..#
.........'.....#....#
.........#.....#....+
.........#.....######
.........#.....#
....##...#.....#
....##)..#.....#
.........#.....#


You could see Edmund and a friendly spectral +0 spear.

Vanquished Creatures
  A phantom (D:4)
  4 gnolls (D:4)
  An adder (D:3)
  A dart slug (D:1)
  A leopard gecko (D:3)
  A ball python (D:3)
  3 bats (D:3)
  3 giant cockroaches
  4 goblins
  5 hobgoblins
  A quokka (D:3)
  A frilled lizard (D:1)
  A kobold (D:1)
  A rat (D:2)
28 creatures vanquished.

Notes
Turn   | Place    | Note
-------+----------+-------------------------------------------
     0 | D:1      | troglodite the Gnoll Skald began the quest for the Orb.
     0 | D:1      | Reached XP level 1. HP: 20/20 MP: 6/6
   230 | D:1      | Reached XP level 2. HP: 26/26 MP: 7/7
   950 | D:2      | Found an opulent altar of Gozag.
   951 | D:2      | Found a sparkling altar of Nemelex Xobeh.
  1324 | D:3      | Reached skill level 5 in Spellcasting
  1324 | D:3      | Reached XP level 3. HP: 22/31 MP: 7/9
  1396 | D:3      | Learned a level 3 spell: Spectral Weapon
  1401 | D:3      | Learned a level 3 spell: Regeneration
  1872 | D:4      | Noticed a phantom
  1878 | D:4      | Reached skill level 1 in Invocations
  2195 | D:4      | Reached skill level 1 in Short Blades
  2195 | D:4      | Reached skill level 1 in Long Blades
  2195 | D:4      | Reached skill level 1 in Axes
  2195 | D:4      | Reached skill level 1 in Maces & Flails
  2195 | D:4      | Reached skill level 1 in Staves
  2195 | D:4      | Reached skill level 1 in Slings
  2195 | D:4      | Reached skill level 1 in Bows
  2195 | D:4      | Reached skill level 1 in Crossbows
  2195 | D:4      | Reached skill level 1 in Throwing
  2195 | D:4      | Reached skill level 1 in Stealth
  2195 | D:4      | Reached skill level 1 in Shields
  2195 | D:4      | Reached skill level 1 in Unarmed Combat
  2195 | D:4      | Reached skill level 1 in Evocations
  2195 | D:4      | Reached XP level 4. HP: 37/38 MP: 7/11
  2253 | D:4      | Learned a level 2 spell: Sticks to Snakes
  2286 | D:4      | Killed a phantom
  2286 | D:4      | Reached skill level 1 in Conjurations
  2286 | D:4      | Reached skill level 1 in Hexes
  2286 | D:4      | Reached skill level 1 in Summonings
  2286 | D:4      | Reached skill level 1 in Necromancy
  2286 | D:4      | Reached skill level 1 in Translocations
  2286 | D:4      | Reached skill level 1 in Transmutations
  2286 | D:4      | Reached skill level 1 in Fire Magic
  2286 | D:4      | Reached skill level 1 in Ice Magic
  2286 | D:4      | Reached skill level 1 in Air Magic
  2286 | D:4      | Reached skill level 1 in Earth Magic
  2286 | D:4      | Reached skill level 1 in Poison Magic
  2286 | D:4      | Reached XP level 5. HP: 34/43 MP: 9/12
  2571 | D:4      | Noticed Edmund
  2605 | D:4      | Slain by Edmund

Skill      XL: |  1  2  3  4  5 |
---------------+----------------+-----
Spellcasting   | 5 |  5.2
Invocations    | 1 |  1.6
Short Blades   | 1 |  1.4
Long Blades    | 1 |  1.4
Axes           | 1 |  1.4
Maces & Flails | 1 |  1.4
Staves         | 1 |  1.4
Slings         | 1 |  1.4
Bows           | 1 |  1.4
Crossbows      | 1 |  1.4
Throwing       | 1 |  1.4
Stealth        | 1 |  1.4
Shields        | 1 |  1.4
Unarmed Combat | 1 |  1.4
Evocations     | 1 |  1.4
Conjurations   | 1 |  1.1
Hexes          | 1 |  1.1
Summonings     | 1 |  1.1
Necromancy     | 1 |  1.1
Translocations | 1 |  1.1
Transmutations | 1 |  1.1
Fire Magic     | 1 |  1.1
Ice Magic      | 1 |  1.1
Air Magic      | 1 |  1.1
Earth Magic    | 1 |  1.1
Poison Magic   | 1 |  1.1
Armour         | 3 |  3.0
Fighting       | |  4.8
Polearms       | |  4.8
Dodging        | |  4.8
Charms         | |  5.5

Action                   |  1- 3 |  4- 6 || total
-------------------------+-------+-------++-------
Melee: Spear             |   116 |    45 ||   161
       Bite              |     8 |     5 ||    13
 Cast: Spectral Weapon   |     2 |     3 ||     5
       Regeneration      |       |     1 ||     1
 Stab: Sleeping          |     3 |     1 ||     4
       Distracted        |       |     1 ||     1
  Eat: Chunk             |     4 |     1 ||     5
Armor: Leather armour    |    18 |     4 ||    22
Dodge: Dodged            |    67 |    12 ||    79
